 Dungeon Crawl Stone Soup version 0.26-b1-32-g5d43845318 (webtiles) character file.

Game seed: 9156745390144268758

2435 Borgoz the Covered (level 9, -3/63 HPs)
             Began as a Halfling Fighter on Jan 9, 2021.
             Was a Follower of Kikubaaqudgha.
             Slain by a two-headed ogre
             ... wielding a +0 giant club
              (16 damage)
             ... on level 8 of the Dungeon.
             The game lasted 00:11:11 (8141 turns).

Borgoz the Covered (Halfling Fighter)               Turns: 8141, Time: 00:11:11

Health: -3/63      AC: 10    Str: 20    XL:     9   Next: 77%
Magic:  0/11       EV: 10    Int:  6    God:    Kikubaaqudgha [*.....]
Gold:   338        SH: 11    Dex: 17    Spells: 7/10 levels left

rFire    . . .     SeeInvis .   b - +7 short sword of Defiance {freeze, *Rage rPois rN++ Str+3}
rCold    + . .     Faith    .   c - +0 kite shield
rNeg     + + .     Spirit   +   n - +2 ring mail {rC+}
rPois    +         Reflect  .   (no helmet)
rElec    .         Harm     .   (no cloak)
rCorr    +         Rampage  .   (no gloves)
Will     .....     Rnd*Rage +   i - +0 pair of boots
Stlth    ++........             z - amulet of guardian spirit
HPRegen  0.20/turn              B - ring of resist corrosion
MPRegen  0.12/turn              r - ring of stealth

@: no status effects
A: small, mutation resistance 1
a: Renounce Religion, Receive Corpses


You were on level 8 of the Dungeon.
You worshipped Kikubaaqudgha.
Kikubaaqudgha was aware of your devotion.
You visited 2 branches of the dungeon, and saw 9 of its levels.

You collected 338 gold pieces.

Inventory:

Hand Weapons
 a - a +1 long sword
 b - the +7 short sword of Defiance (weapon) {freeze, *Rage rPois rN++ Str+3}
   (You found it on level 4 of the Dungeon)

   It has been specially enchanted to freeze those struck by it, causing extra
   injury to most foes and up to half again as much damage against particularly
   susceptible opponents.
   It can also slow down cold-blooded creatures.
   It affects your strength (+3).
   It protects you from poison.
   It greatly protects you from negative energy.
   It may make you go berserk in combat.
Armour
 c - a +0 kite shield (worn)
 h - a +2 ring mail of positive energy
 i - a +0 pair of boots (worn)
 n - a +2 ring mail of cold resistance (worn)
Jewellery
 r - a ring of stealth (right hand)
 s - an uncursed ring of ice
 z - an amulet of guardian spirit (around neck)
 B - a ring of resist corrosion (left hand)
Wands
 o - a wand of iceblast (7)
 v - a wand of flame (11)
Scrolls
 e - 3 scrolls of magic mapping
 p - 9 scrolls of remove curse
 t - 2 scrolls of teleportation
 w - a scroll of amnesia
 y - a scroll of fog {unknown}
 A - 2 scrolls of enchant armour {unknown}
Potions
 d - 3 potions of might
 g - 2 potions of lignification {unknown}
 j - 2 potions of attraction {unknown}
 k - a potion of ambrosia
 l - a potion of cancellation
 m - a potion of curing {unknown}
 q - a potion of berserk rage {unknown}
 u - a potion of heal wounds {unknown}
 x - 2 potions of haste {unknown}


   Skills:
 + Level 6.4 Fighting
 + Level 6.7(7.5) Short Blades
 - Level 4.2(5.6) Long Blades
 + Level 7.7 Armour
 - Level 6.0 Shields
 + Level 1.3 Spellcasting


You had 7 spell levels left.
You knew the following spells:

 Your Spells              Type           Power        Failure   Level
a - Vampiric Draining     Necr           0%           100%        3

Your spell library contained the following spells:

 Spells                   Type           Power        Failure   Level
 Pain                     Necr           0%           95%         1
 Corpse Rot               Necr/Air       N/A          99%         2
 Sublimation of Blood     Necr           0%           99%         2


Dungeon Overview and Level Annotations

Branches:
Dungeon (8/15)             Temple (1/1) D:5
   Lair: D:8-11

Altars:
Ashenzari
Cheibriados
Dithmenos
Elyvilon
Fedhas
Gozag
Hepliaklqana
Kikubaaqudgha
Nemelex Xobeh
Okawaru
Qazlal
Ru
Sif Muna
Trog
Uskayaw
Vehumet
Wu Jian
Xom
Yredelemnul
Zin
The Shining One

Shops:
D:4 =   D:7 }


Innate Abilities, Weirdness & Mutations

You are small and have problems with some larger weapons.
You are somewhat resistant to further mutation.


Message History

The two-headed ogre is moderately wounded.
The two-headed ogre hits you with a +0 giant club!!
The two-headed ogre hits you with a +0 giant club.
You are too injured to fight recklessly!
You are too injured to fight recklessly!
You are too injured to fight recklessly!
Okay, then.
You hit the two-headed ogre. You freeze the two-headed ogre.
The two-headed ogre is heavily wounded.
You barely miss the two-headed ogre.
The two-headed ogre is heavily wounded.
The two-headed ogre hits you with a +0 giant club.
The two-headed ogre hits you with a +0 giant club!
* * * LOW HITPOINT WARNING * * *
You hit the two-headed ogre. You freeze the two-headed ogre.
The two-headed ogre is heavily wounded.
The two-headed ogre closely misses you.
The two-headed ogre hits you with a +0 giant club!!
You die...
Kikubaaqudgha rasps: "You have failed me!
Welcome... death!"

.# .# ### .# #
####.# .# ########
..#.###.# #.......
#.#.##..# #.######
#.#....####.######
#.................
#@###..###.#######
#O# #..# #.# # ..#
#..# #.# #### #..#
#.# #..# #># #..#
#.# #..# #.#######
#..# #.)......
#..###..######


You could see a two-headed ogre.

Vanquished Creatures
  Maggie (D:6)
  A wyvern (D:8)
  2 ice beasts
  A sky beast (D:6)
  3 ogres
  2 centaurs (D:5)
  Blork the orc (D:6)
  A big kobold (D:5)
  A bullfrog (D:8)
  A wyvern zombie (D:7)
  2 scorpions
  3 wights (D:6)
  A howler monkey (D:6)
  A centaur zombie (D:5)
  5 hounds
  An iguana (D:8)
  A bullfrog skeleton (D:5)
  2 centaur skeletons
  3 orc wizards
  2 worker ants (D:5)
  A hound zombie (D:7)
  A hound skeleton (D:4)
  8 gnolls
  A howler monkey skeleton (D:6)
  13 adders
  A white imp (D:5)
  3 ufetubi
  2 oozes
  An adder skeleton (D:7)
  3 worms
  2 dart slugs
  5 leopard geckos
  17 orcs
  5 giant cockroaches
  15 goblins
  5 hobgoblins
  4 jackals
  10 kobolds
  3 quokkas
  9 bats
  9 frilled lizards
  2 jackal skeletons (D:4)
  2 leopard gecko skeletons
  A quokka skeleton (D:6)
  7 rats
165 creatures vanquished.

Notes
Turn   | Place    | Note
-------+----------+-------------------------------------------
     0 | D:1      | Borgoz the Halfling Fighter began the quest for the Orb.
     0 | D:1      | Reached XP level 1. HP: 15/15 MP: 1/1
    31 | D:1      | Reached XP level 2. HP: 15/20 MP: 2/2
   302 | D:1      | Reached XP level 3. HP: 24/25 MP: 3/3
   986 | D:2      | Reached XP level 4. HP: 11/31 MP: 4/4
  1521 | D:2      | Reached XP level 5. HP: 21/36 MP: 5/5
  1722 | D:2      | Reached skill level 4 in Armour
  2805 | D:3      | Noticed an air elemental
  2807 | D:3      | Found a stormy altar of Qazlal.
  2809 | D:3      | Noticed a fire elemental
  2809 | D:3      | Noticed a water elemental
  3104 | D:3      | Reached XP level 6. HP: 34/42 MP: 6/6
  3766 | D:4      | Found an opulent altar of Gozag.
  3840 | D:4      | Got an ancient short sword
  3841 | D:4      | Identified the +7 short sword of Defiance {freeze, *Rage
                  | rPois rN++ Str+3} (You found it on level 4 of the Dungeon)
  4034 | D:4      | Noticed an ogre
  4036 | D:4      | Found Paujysh's Jewellery Shoppe.
  4041 | D:4      | Killed an ogre
  4042 | D:4      | Reached skill level 1 in Short Blades
  4077 | D:4      | Reached XP level 7. HP: 47/47 MP: 7/7
  4419 | D:5      | Entered Level 5 of the Dungeon
  4560 | D:5      | Reached skill level 5 in Shields
  4591 | D:5      | Reached skill level 5 in Armour
  4613 | D:5      | Found a staircase to the Ecumenical Temple.
  4813 | D:5      | Reached XP level 8. HP: 42/54 MP: 8/8
  5275 | Temple   | Entered the Ecumenical Temple
  5383 | Temple   | Became a worshipper of Kikubaaqudgha
  5495 | D:5      | Found a broken altar of Ashenzari.
  6184 | D:6      | Noticed Blork the orc
  6193 | D:6      | Killed Blork the orc
  6219 | D:6      | Noticed Maggie
  6229 | D:6      | Killed Maggie
  6230 | D:6      | Reached skill level 5 in Fighting
  6230 | D:6      | Reached skill level 6 in Armour
  6518 | D:6      | Reached skill level 5 in Short Blades
  6518 | D:6      | Reached XP level 9. HP: 61/61 MP: 9/9
  6890 | D:6      | Reached skill level 7 in Armour
  7207 | D:7      | Reached * piety under Kikubaaqudgha
  7207 | D:7      | Identified Kikubaaqudgha's Disquisition on Evil
                  | (Kikubaaqudgha gifted it to you on level 7 of the Dungeon)
  7207 | D:7      | Received a gift from Kikubaaqudgha
  7215 | D:7      | Learned a level 3 spell: Vampiric Draining
  7593 | D:7      | Found Moheip's Gadget Emporium.
  7924 | D:8      | Reached skill level 1 in Spellcasting
  8129 | D:8      | Noticed a two-headed ogre
  8141 | D:8      | Slain by a two-headed ogre

Illustrated notes

Levels and vault maps discovered:
D:1:      minmay_arrival_up_and_down, layout_rooms,
          chequers_serial_rivers_large_b, minmay_split_cup_large
D:2:      layout_basic, serial_glass, glass_columns_c, glass_columns_a,
          glass_columns_a, glass_columns_a, glass_columns_b, glass_columns_b,
          glass_columns_c, glass_columns_a, glass_columns_a, glass_columns_c
D:3:      corexii_shack_village, layout_basic, nicolae_qazlal_style_of_elements
D:4:      layout_basic, grunt_gozag_statues, serial_shops, shop
D:5:      wander_river, layout_gridville, overflow_temple_1_default,
          temple_pool_b, minmay_misc_feat_four_crosses, palyth_stone_intersect,
          hangedman_decor_push
D:6:      layout_gridville, uniq_maggie, uniq_blork_the_orc
D:7:      layout_basic, serial_glass, glass_columns_b, glass_columns_a,
          serial_shops, nicolae_shop_waterfront
D:8:      layout_loops_ring, tgw_fedhas
Temple:   dpeg_five_rooms_temple

Skill      XL: |  1  2  3  4  5  6  7  8  9 |
---------------+----------------------------+-----
Fighting       | 3 4 5 6 |  6.4
Long Blades    | 3 4 |  4.2
Shields        | 4 5 6 |  6.0
Armour         | 4 5 6 7 |  7.7
Short Blades   | 1 3 5 6 |  6.7
Spellcasting   | 1 |  1.3

Action                   |  1- 3 |  4- 6 |  7- 9 || total
-------------------------+-------+-------+-------++-------
Melee: Long sword        |    98 |   179 |       ||   277
       Short sword       |       |    11 |   244 ||   255
  Use: Scroll            |     1 |     4 |     4 ||     9
Armor: Scale mail        |    64 |       |       ||    64
       Ring mail         |       |    66 |    50 ||   116
Dodge: Dodged            |    39 |    80 |    73 ||   192
Block: Kite shield       |    70 |   110 |   119 ||   299
       Rpst.: Long sword |    11 |    20 |       ||    31
